 Dungeon Crawl Stone Soup version 0.25-a0-310-g60f0ac2d9a (webtiles) character file.

Game seed: 12166272913092432824, levelgen mode: deterministic

515 Gargoyl the Skirmisher (level 7, -5/59 HPs)
             Began as a Centaur Abyssal Knight on Dec 24, 2019.
             Was a Believer of Lugonu.
             Slain by Menkaure (7 damage)
             ... on level 4 of the Dungeon.
             The game lasted 00:04:48 (3946 turns).

Gargoyl the Skirmisher (Centaur Abyssal Knight)     Turns: 3946, Time: 00:04:48

Health: -5/59      AC: 10    Str: 15    XL:     7   Next: 0%
Magic:  0/9        EV:  5    Int: 11    God:    Lugonu [**....]
Gold:   185        SH:  0    Dex: 10    Spells: 6/6 levels left

rFire    . . .     SeeInvis .   v - +4 hand axe
rCold    . . .     Gourm    .   (no shield)
rNeg     . . .     Faith    .   d - +0 chain mail
rPois    +         Spirit   +   (no helmet)
rElec    .         Reflect  .   i - +0 cloak
rCorr    .         Harm     .   j - +0 pair of gloves
MR       .....                  (no barding)
Stlth    ..........             l - amulet of guardian spirit
HPRegen  0.19/turn              e - +5 ring of slaying
MPRegen  0.11/turn              m - ring of poison resistance

@: flying, lightly drained, very quick
A: large, hooves 3, deformed body, speed 2, tough skin 3
a: Depart the Abyss, Bend Space, Renounce Religion


You were on level 4 of the Dungeon.
You worshipped Lugonu.
Lugonu was pleased with you.
You were hungry.

You visited 1 branch of the dungeon, and saw 4 of its levels.
You visited the Abyss 1 time.
You also visited: Sewer.

You collected 185 gold pieces.

Inventory:

Hand Weapons
 a - a +1 hand axe
 v - a +4 hand axe (weapon)
Armour
 d - a +0 chain mail (worn)
 i - a +0 cloak (worn)
 j - a +0 pair of gloves (worn)
Jewellery
 e - a +5 ring of slaying (left hand)
 l - an amulet of guardian spirit (around neck)
 m - a ring of poison resistance (right hand)
 u - a cursed -3 ring of intelligence {unknown}
Scrolls
 b - 3 scrolls of teleportation
 o - a scroll of identify
 r - a scroll of amnesia {unknown}
Potions
 f - a potion of might {unknown}
 g - a potion of flight
 h - a potion of ambrosia {unknown}
 k - a potion of curing {unknown}
 n - a potion of heal wounds {unknown}
 q - a potion of lignification {unknown}
 s - a potion of berserk rage {unknown}
 t - a potion of mutation {unknown}
Comestibles
 c - 8 rations


   Skills:
 + Level 4.0(3.7) Fighting
 + Level 3.7(3.5) Axes
 * Level 3.3(3.0) Armour
 * Level 2.0(1.8) Dodging
 * Level 3.6(3.4) Invocations


You had 6 spell levels left.
You didn't know any spells.
Your spell library contained the following spells:

 Spells                   Type           Power        Failure   Level  Hunger
 Apportation              Tloc           #.....       100%        1    ##.....


Dungeon Overview and Level Annotations

Branches:
Dungeon (4/15)              Sewer (visited)
 Temple: D:4-7

Altars:
Hepliaklqana
Kikubaaqudgha
Qazlal
Sif Muna
Trog
Uskayaw
Vehumet
The Shining One

Annotations:
D:4 Menkaure


Innate Abilities, Weirdness & Mutations

You have hooves in place of feet.
Armour fits poorly on your strangely shaped body.
You cover ground very quickly.
You have extremely tough skin. (AC +3)


Message History

Menkaure gestures wildly while chanting.
Menkaure seems to speed up.
Menkaure calls on the powers of darkness!
Your body is wracked with pain!
You slash Menkaure!
Menkaure is heavily damaged.
Menkaure hits you!!
It was a potion of flight.
You feel very buoyant.
You fly up into the air.
Menkaure hits you!
* * * LOW HITPOINT WARNING * * *
You hit Menkaure.
Menkaure is severely damaged.
Menkaure completely misses you.
You hit Menkaure.
Menkaure is almost destroyed.
Menkaure hits you.
* * * LOW HITPOINT WARNING * * *
Menkaure hits you!
You die...

###########
#....@M...# ###
#.#######.# ###
##.## #.#
..###...####.#####
.................#
#.###...####.##...#
#.# ##.## #.# #.#
#.# #.# #.. .. ..#
#.# #..#


You could see Menkaure.

Vanquished Creatures
  Purgy (Sewer)
  An ogre (D:4)
  A wight (D:2)
  4 orc wizards (D:4)
  An orc priest (D:4)
  5 adders
  2 oozes
  2 adder skeletons (D:4)
  2 dart slugs
  4 worms
  2 leopard geckos
  4 orcs (D:4)
  A ball python (D:1)
  A giant cockroach (D:3)
  7 goblins
  7 hobgoblins
  2 jackals (D:2)
  A quokka (D:2)
  9 bats
  4 frilled lizards
  8 kobolds
  A leopard gecko skeleton (D:4)
  7 rats
77 creatures vanquished.

Vanquished Creatures (others)
  2 starspawn tentacles (Abyss:2)
2 creatures vanquished.

Grand Total: 79 creatures vanquished

Notes
Turn   | Place    | Note
-------+----------+-------------------------------------------
     0 | Abyss:1  | Gargoyl the Centaur Abyssal Knight began the quest for the
                  | Orb.
     0 | Abyss:1  | Reached XP level 1. HP: 19/19 MP: 2/2
    66 | Abyss:2  | Noticed a tentacled starspawn
    86 | Abyss:2  | Noticed a large abomination
    93 | Abyss:2  | Noticed an orange demon
   109 | Abyss:2  | Noticed a large abomination
   113 | Abyss:2  | Noticed a worldbinder
   114 | Abyss:2  | Noticed a spatial vortex
   115 | Abyss:2  | Noticed a naga
   115 | Abyss:2  | Noticed a naga
   116 | Abyss:2  | Noticed a naga
   116 | Abyss:2  | Noticed a spatial vortex
   116 | D:1      | Escaped the Abyss
   423 | D:1      | Reached XP level 2. HP: 18/26 MP: 3/3
   439 | D:1      | Reached * piety under Lugonu
  1169 | D:1      | Reached skill level 1 in Dodging
  1419 | D:2      | Reached XP level 3. HP: 22/31 MP: 4/4
  2029 | D:2      | Found a hide-covered altar of Uskayaw.
  2039 | D:2      | Reached XP level 4. HP: 38/38 MP: 5/5
  2316 | D:3      | Found a bloodstained altar of Trog.
  2316 | D:3      | Found a stormy altar of Qazlal.
  2340 | D:3      | Found a hazy altar of Hepliaklqana.
  2341 | D:3      | Found a glowing golden altar of the Shining One.
  2565 | D:3      | Found an ancient bone altar of Kikubaaqudgha.
  2855 | D:3      | Reached XP level 5. HP: 45/45 MP: 7/7
  3065 | D:3      | Found a shimmering blue altar of Sif Muna.
  3067 | D:3      | Found a radiant altar of Vehumet.
  3071 | D:3      | Identified Sif Muna's Guide on Translocation
  3178 | D:4      | Found a glowing drain.
  3200 | D:4      | Reached ** piety under Lugonu
  3206 | Sewer    | Entered a sewer
  3267 | Sewer    | Noticed Purgy
  3279 | Sewer    | Killed Purgy
  3279 | Sewer    | Reached XP level 6. HP: 38/52 MP: 5/8
  3710 | D:4      | Reached skill level 4 in Fighting
  3731 | D:4      | Reached XP level 7. HP: 25/59 MP: 5/9
  3938 | D:4      | Noticed Menkaure
  3946 | D:4      | HP: 2/59 [Menkaure (5)]
  3946 | D:4      | Slain by Menkaure

Levels and vault maps discovered:
D:1:      psy_arrival_radial01, layout_loops_cross, chequers_avenue
D:2:      layout_rooms, overflow_temple_1_default, minmay_misc_feat_diagonals
D:3:      layout_loops_corners, grunt_temple_overflow_magic_moments,
          grunt_temple_overflow_open
D:4:      layout_loops_corners, gup_sewer_entry_glass, first_ration,
          uniq_menkaure, uniq_ijyb, uniq_eustachio

Skill      XL: |  1  2  3  4  5  6 |
---------------+-------------------+-----
Dodging        | 1 2 |  2.0
Axes           | 2 3 |  3.7
Armour         | 2 3 |  3.3
Invocations    | 3 |  3.6
Fighting       | 4 |  4.0

Action                   |  1- 3 |  4- 6 |  7- 9 || total
-------------------------+-------+-------+-------++-------
Melee: Hand axe          |    73 |    97 |     3 ||   173
       Kick              |    10 |    18 |       ||    28
Invok: Depart the Abyss  |     1 |       |       ||     1
  Use: Scroll            |     4 |     2 |       ||     6
       Potion            |       |       |     1 ||     1
  Eat: Chunk             |     2 |     5 |       ||     7
Armor: Chain mail        |    68 |    86 |       ||   154
Dodge: Dodged            |    16 |    25 |     1 ||    42

Table legend:
 A = Non-vault XP
 B = Vault XP
 C = Vault XP percentage of total XP
 D = Non-vault monster count
 E = Vault monster count
 F = Vault count percentage of total count
                 A         B        C        D         E       F
            +---------+---------+-------+---------+---------+-------
      Total |     567 |     170 |  23.1 |      69 |       8 |  10.4
            +---------+---------+-------+---------+---------+-------
        D:1 |      40 |       0 |   0.0 |      22 |       0 |   0.0
        D:2 |     128 |       0 |   0.0 |      19 |       0 |   0.0
        D:3 |      30 |       0 |   0.0 |      13 |       0 |   0.0
        D:4 |     369 |      26 |   6.6 |      15 |       2 |  11.8
      Sewer |       0 |     144 | 100.0 |       0 |       6 | 100.0
            +---------+---------+-------+---------+---------+-------
